 Seeded DCSS version 0.26-a0-720-g2a1d101370 (webtiles) character file.

Game seed: 10139336263790539269 (custom seed)

844 karrick the Chopper (level 7, -2/51 (52) HPs)
             Began as a Demonspawn Gladiator on Nov 4, 2020.
             Slain by a gnoll (7 damage)
             ... on level 5 of the Dungeon.
             The game lasted 00:09:25 (3488 turns).

karrick the Chopper (Demonspawn Gladiator)          Turns: 3488, Time: 00:09:26

HP:   -2/51 (52)    AC:  6    Str: 19    XL:     7   Next: 68%
MP:   16/16         EV: 13    Int:  6    God:
Gold: 175           SH:  6    Dex: 14    Spells: 6/6 levels left

rFire    . . .     SeeInvis .   a - +0 war axe
rCold    . . .     Faith    .   (no shield)
rNeg     + . .     Spirit   .   u - +1 leather armour of the Sparrow {+Inv rN+ Str+4 Int-5}
rPois    .         Reflect  .   c - +0 helmet
rElec    .         Harm     .   (no cloak)
rCorr    .         Rampage  .   (no gloves)
MR       .....                  w - +0 pair of boots (curse)
Stlth    +.........             f - amulet of regeneration
HPRegen  0.57/turn              j - ring of magical power
MPRegen  0.15/turn              l - ring of attention (curse)

@: no status effects
A: large bone plates 2, demonic guardian 1
a: Evoke Invisibility


You were on level 5 of the Dungeon.
You visited 1 branch of the dungeon, and saw 6 of its levels.

You collected 301 gold pieces.
You spent 126 gold pieces at shops.

Inventory:

Hand Weapons
 a - a +0 war axe (weapon)
Missiles
 d - 3 throwing nets (quivered)
Armour
 b - a +0 leather armour
 c - a +0 helmet (worn)
 u - the +1 leather armour of the Sparrow (worn) {+Inv rN+ Str+4 Int-5}
   (You found it on level 4 of the Dungeon)

   It affects your strength (+4).
   It affects your intelligence (-5).
   It protects you from negative energy.
   It lets you turn invisible.
 w - a cursed +0 pair of boots (worn)
Jewellery
 f - an amulet of regeneration (around neck)
 j - a ring of magical power (left hand)
 l - a cursed ring of attention (right hand)
 x - a cursed amulet of inaccuracy {unknown}
 y - an uncursed ring of protection from cold {unknown}
Scrolls
 e - 4 scrolls of teleportation
 g - 4 scrolls of amnesia {unknown}
 h - 5 scrolls of remove curse {unknown}
 m - 4 scrolls of random uselessness {unknown}
 q - a scroll of fear {unknown}
 r - 3 scrolls of magic mapping
 s - 2 scrolls of fog {unknown}
 t - 7 scrolls of identify
Potions
 i - 2 potions of flight
 k - a potion of curing
 n - 2 potions of degeneration {unknown}
 o - 2 potions of might {unknown}
 p - a potion of heal wounds {unknown}
 v - a potion of stabbing {unknown}
 z - a potion of mutation {unknown}
 A - 2 potions of lignification {unknown}


   Skills:
 + Level 3.5 Fighting
 + Level 6.4 Axes
 + Level 1.9 Throwing
 + Level 2.4 Armour
 + Level 3.9 Dodging
 + Level 2.1 Stealth


You had 6 spell levels left.
You didn't know any spells.
Your spell library contained the following spells:

 Spells                   Type           Power        Failure   Level
 Beastly Appendage        Tmut           #.....       52%         1
 Wereblood                Tmut           #.......     65%         2
 Confusing Touch          Hex            #.......     87%         3
 Gell's Gravitas          Tloc           #.........   87%         3
 Spider Form              Tmut/Pois      #.........   87%         3
 Ice Form                 Ice/Tmut       #.......     99%         4
 Petrify                  Tmut/Erth      #.......     99%         4
 Blade Hands              Tmut           #.........   100%        5
 Metabolic Englaciation   Hex/Ice        #.........   100%        5
 Yara's Violent Unravell  Hex/Tmut       #.........   100%        5


Dungeon Overview and Level Annotations

Branches:
Dungeon (6/15)
 Temple: D:4-7

Altars:
Cheibriados
Sif Muna

Shops:
D:5 ?


Innate Abilities, Weirdness & Mutations

You are mostly covered in large bone plates. (SH +6)
A weak demonic guardian rushes to your aid.


Message History

Your iron imp closely misses the necrophage.
The gnoll hits you!
The necrophage hits you but does no damage.
The bullfrog hits you but does no damage.
The gnoll hits your iron imp. You block the gnoll's attack.
Unknown command.
The centaur shoots an arrow.
The arrow hits you!
The bullfrog hits you but does no damage.
The gnoll hits you!
Your iron imp hits the necrophage.
The gnoll barely misses your iron imp.
The necrophage closely misses your iron imp.
You block the gnoll's attack.
The centaur shoots an arrow.
The arrow hits you!
* * * LOW HITPOINT WARNING * * *
You climb upwards.
Your summoned ally is left behind.
There is a stone staircase leading down here.
Unknown command.
The gnoll hits you but does no damage. You block the bullfrog's attack.
Unknown command.
The gnoll hits you!
You die...

...'.#..# ###### ...###.####
#..... ##.#......# #.####
.#.#....#.# ####### #.#
.#.#....#.# #.....#### #.#
.#.#....#.# #........# #.#
........#.#####..g.....#####.#
.................gn..........###
........#.#.##..@F.............#
.##.............#..............#
<.........#.#...#.#.##.........#
###.####..#.#.....#.##.........#
###.##......##..###............#
....##.##.......# #............#
######.##...##.## #.....#....###
#.##...##.# #.....####.#
#.##...##.# #.....# #.####


You could see a necrophage, a bullfrog and 2 gnolls.

Vanquished Creatures
  An ogre (D:5)
  A scorpion (D:4)
  A howler monkey (D:4)
  2 hounds
  A bullfrog skeleton (D:5)
  An orc priest (D:3)
  An orc wizard (D:5)
  Natasha (thrice) (D:2)
  5 worker ants
  A gnoll (D:6)
  7 adders
  A shadow imp (D:4)
  An adder skeleton (D:5)
  A worm (D:2)
  A dart slug (D:4)
  2 leopard geckos
  11 orcs
  2 ball pythons
  5 giant cockroaches
  11 goblins
  4 hobgoblins
  7 jackals
  6 kobolds
  A quokka (D:5)
  8 bats
  4 frilled lizards
  2 quokka skeletons (D:5)
  8 rats
99 creatures vanquished.

Vanquished Creatures (collateral kills)
  A phantom (D:4)
  A wight (D:5)
  An orc priest (D:5)
  An iguana (D:3)
  2 orc wizards
  A worm (D:3)
  A dart slug (D:3)
  6 orcs
  A giant cockroach (D:4)
  A jackal (D:4)
  A kobold (D:3)
17 creatures vanquished.

Grand Total: 116 creatures vanquished

Notes
Turn   | Place    | Note
-------+----------+-------------------------------------------
     0 | D:1      | karrick the Demonspawn Gladiator began the quest for the
                  | Orb.
     0 | D:1      | Reached XP level 1. HP: 16/16 MP: 1/1
   166 | D:1      | Gained mutation: A weak demonic guardian rushes to your
                  | aid. [demonic ancestry]
   166 | D:1      | Reached XP level 2. HP: 15/22 MP: 2/2
   342 | D:1      | Reached skill level 3 in Axes
   535 | D:1      | Gained mutation: You are partially covered in large bone
                  | plates. (SH +4) [demonic ancestry]
   535 | D:1      | Reached XP level 3. HP: 24/27 MP: 3/3
  1000 | D:2      | Noticed Natasha
  1005 | D:2      | Killed Natasha
  1005 | D:2      | Reached skill level 1 in Armour
  1050 | D:2      | Noticed Natasha
  1057 | D:2      | Killed Natasha
  1057 | D:2      | Gained mutation: You are mostly covered in large bone
                  | plates. (SH +6) [demonic ancestry]
  1057 | D:2      | Reached XP level 4. HP: 26/34 MP: 4/4
  1067 | D:2      | Noticed Natasha
  1125 | D:3      | Found a shimmering blue altar of Sif Muna.
  1169 | D:3      | Reached XP level 5. HP: 38/39 MP: 5/5
  1178 | D:2      | Reached skill level 4 in Axes
  1222 | D:2      | Found a snail-covered altar of Cheibriados.
  1391 | D:2      | Killed Natasha
  1710 | D:3      | Reached XP level 6. HP: 44/46 MP: 6/6
  1948 | D:4      | Reached skill level 1 in Stealth
  1957 | D:4      | Reached skill level 5 in Axes
  2368 | D:4      | Got a faintly glowing leather armour
  2379 | D:4      | Identified the +1 leather armour of the Sparrow {+Inv rN+
                  | Str+4 Int-5} (You found it on level 4 of the Dungeon)
  2418 | D:4      | Reached XP level 7. HP: 45/52 MP: 7/7
  2574 | D:5      | Entered Level 5 of the Dungeon
  2923 | D:5      | Reached skill level 6 in Axes
  2988 | D:5      | Found Hozuixog's Magic Scroll Shop.
  2996 | D:5      | Bought a scroll of magic mapping for 49 gold pieces
  2996 | D:5      | Bought a scroll of magic mapping for 49 gold pieces
  2996 | D:5      | Bought a scroll of identify for 28 gold pieces
  3488 | D:5      | Slain by a gnoll

Illustrated notes

Levels and vault maps discovered:
D:1:      saegor_arrival_simple_c, layout_loops_ring, palyth_stone_intersect
D:2:      layout_rooms, cheibriados_altar_1, uniq_natasha
D:3:      layout_rooms, lemuel_crystal_altar
D:4:      layout_cave_pools, minmay_starry_boxes
D:5:      layout_basic, serial_shops, shop_fountains
D:6:      layout_rooms, kennysheep_mini, serial_shops,
          nicolae_shop_temple_entry_statues_fountains

Skill      XL: |  1  2  3  4  5  6  7 |
---------------+----------------------+-----
Axes           | 3 4 5 6 |  6.4
Dodging        | 3 |  3.9
Armour         | 1 2 |  2.4
Fighting       | 3 |  3.5
Stealth        | 1 2 |  2.1
Throwing       | |  1.9

Action                   |  1- 3 |  4- 6 |  7- 9 || total
-------------------------+-------+-------+-------++-------
Melee: War axe           |   104 |   169 |    78 ||   351
  Use: Potion            |       |       |     2 ||     2
       Scroll            |       |       |     1 ||     1
 Stab: Sleeping          |     1 |     2 |       ||     3
       Distracted        |       |     1 |     1 ||     2
Armor: Leather armour    |    32 |    28 |    15 ||    75
Dodge: Dodged            |    72 |   105 |    52 ||   229
Block: Other             |     5 |    48 |    21 ||    74

Table legend: (Time is in decaauts)
 A = Elapsed time spent in this place.
 B = Non-inter-level travel time spent in this place.
 C = Inter-level travel time spent in this place.
 D = Time resting spent in this place.
 E = Time spent auto-exploring this place.
 F = Levels seen in this place.
 G = Mean time per level.
                   A        B        C        D        E       F      G
               +--------+--------+--------+--------+--------+-----+--------+
         Total |   3597 |   3421 |    176 |    108 |   2392 |   6 |  599.5 |
       Dungeon |   3597 |   3421 |    176 |    108 |   2392 |   6 |  599.5 |
               +--------+--------+--------+--------+--------+-----+--------+

Top non-repeatable levels by time:
     D:1: 1010 daAuts
     D:5: 819 daAuts
     D:4: 779 daAuts
     D:3: 499 daAuts
     D:2: 473 daAuts
     D:6: 15 daAuts
